 Dungeon Crawl Stone Soup version 0.18.1-48-g4cf74bf (webtiles) character file.

642 PossumBlood the Archer (level 7, -3/49 HPs)
             Began as a High Elf Hunter on Aug 14, 2016.
             Was a Follower of Okawaru.
             Slain by Pikel
             ... wielding a +2 whip of flaming
              (5 damage)
             ... on level 5 of the Dungeon.
             The game lasted 00:21:56 (6567 turns).

PossumBlood the Archer (High Elf Hunter)            Turns: 6567, Time: 00:21:56

Health: -3/49      AC:  7    Str: 11    XL:     7   Next: 26%
Magic:  0/8        EV: 12    Int: 14    God:    Okawaru [*.....]
Gold:   79         SH:  0    Dex: 21    Spells: 0 memorised, 6 levels left

rFire  . . .     SeeInvis .     b - +0 short sword
rCold  . . .     Gourm    .     c - +0 leather armour
rNeg   . . .     Faith    .     (no shield)
rPois  .         Spirit   +     h - +0 helmet
rElec  .         Dismiss  .     l - +0 cloak
rCorr  .         Reflect  .     o - +0 pair of gloves
SustAt .         Harm     .     u - +0 pair of boots
MR     +....                    w - amulet of guardian spirit
Stlth  ++........               (no ring)
                                s - ring of protection from magic

@: somewhat resistant to hostile enchantments, unstealthy
A: agile 1, robust 1, subdued magic 1
a: Heroism, Renounce Religion


You were on level 5 of the Dungeon.
You worshipped Okawaru.
Okawaru was aware of your devotion.
You were hungry.

You visited 1 branch of the dungeon, and saw 5 of its levels.

You collected 189 gold pieces.
You spent 110 gold pieces at shops.

Inventory:

Hand Weapons
 a - a +1 shortbow
 b - a +0 short sword (weapon)
Armour
 c - a +0 leather armour (worn)
 h - a +0 helmet (worn)
 l - a +0 cloak (worn)
 o - a +0 pair of gloves (worn)
 u - a +0 pair of boots (worn)
Jewellery
 s - a ring of protection from magic (left hand)
 w - an amulet of guardian spirit (around neck)
Wands
 f - a wand of lightning (7/15)
 i - a wand of random effects (35/48)
Scrolls
 e - 3 scrolls of identify
 k - 7 scrolls of remove curse
 m - 3 scrolls of teleportation
 n - a scroll of magic mapping
 t - a scroll of random uselessness {unknown}
Potions
 j - a potion of berserk rage
Comestibles
 g - a beef jerky
 p - a bread ration
 r - a slice of pizza
 v - a meat ration


   Skills:
 - Level 2.0 Fighting
 * Level 11.4 Bows
 - Level 2.1 Dodging
 - Level 1.1 Stealth


You had 6 spell levels left.
You didn't know any spells.

Dungeon Overview and Level Annotations

Branches:
Dungeon (5/15)
 Temple: D:4-7

Altars:
Ashenzari
Dithmenos
Okawaru
Ru
Sif Muna
Vehumet
Yredelemnul
The Shining One

Shops:
D:4 !

Annotations:
D:5 Pikel


Innate Abilities, Weirdness & Mutations

You are agile. (Dex +2)
You are robust (+10% HP).
Your spells are a little easier to cast, but a little less powerful.


Message History

You hit Pikel but do no damage.
Pikel is lightly wounded.
Pikel hits you with a whip of flaming. Pikel burns you.
You hit Pikel.
Pikel is moderately wounded.
Pikel hits you with a whip of flaming.
* * * LOW HITPOINT WARNING * * *
Pikel burns you.
* * * LOW HITPOINT WARNING * * *
You hit Pikel but do no damage.
Pikel is moderately wounded.
Pikel closely misses you. Pikel hits you with a whip of flaming!
* * * LOW HITPOINT WARNING * * *
Pikel burns you.
* * * LOW HITPOINT WARNING * * *
You hit Pikel but do no damage.
Pikel is lightly wounded.
Pikel waves a pair of manacles at you. Pikel hits you with a whip of flaming.
You die...

###
###########.#
#ppZppK@....#
#.#########.#
#.# #.#
##p### #.#
#.p..#
###.####
#.p..#
#......#
#....#
#......#
#....#
#......#
###.###
#......###


You could see Pikel, 4 slaves and an adder skeleton.

Vanquished Creatures
  A water moccasin (D:5)
  A phantom (D:4)
  A scorpion (D:4)
  A howler monkey (D:4)
  2 hounds (D:4)
  2 iguanas
  A worker ant (D:4)
  4 gnolls (D:4)
  8 adders
  A shadow imp (D:4)
  2 oozes
  3 worms
  3 dart slugs
  2 giant geckos
  3 orcs
  A ball python (D:3)
  7 bats
  A giant cockroach (D:1)
  7 hobgoblins
  10 jackals
  A quokka (D:4)
  9 giant newts
  11 goblins
  9 kobolds
  8 rats
99 creatures vanquished.

Vanquished Creatures (others)
  A fungus (D:4)
1 creature vanquished.

Grand Total: 100 creatures vanquished

Notes
Turn   | Place    | Note
--------------------------------------------------------------
     0 | D:1      | PossumBlood the High Elf Hunter began the quest for the Orb.
     0 | D:1      | Reached XP level 1. HP: 14/14 MP: 2/2
   222 | D:1      | Found a shattered altar of Ashenzari.
   289 | D:1      | Reached XP level 2. HP: 19/19 MP: 3/3
   298 | D:1      | Reached skill level 6 in Bows
   999 | D:2      | Reached XP level 3. HP: 23/24 MP: 4/4
  1376 | D:2      | Reached skill level 7 in Bows
  1683 | D:2      | Found a radiant altar of Vehumet.
  1684 | D:2      | Found a shadowy altar of Dithmenos.
  1771 | D:3      | Found a glowing golden altar of the Shining One.
  2073 | D:3      | Reached XP level 4. HP: 26/29 MP: 5/5
  2378 | D:3      | Found an iron altar of Okawaru.
  2645 | D:3      | Became a worshipper of Warmaster Okawaru
  2676 | D:3      | Reached skill level 8 in Bows
  2998 | D:3      | Found a deep blue altar of Sif Muna.
  3214 | D:3      | Found a faded altar to an unknown god.
  3292 | D:4      | Reached XP level 5. HP: 18/34 MP: 6/6
  3484 | D:4      | Reached skill level 9 in Bows
  3555 | D:4      | Reached XP level 6. HP: 27/39 MP: 7/7
  3995 | D:4      | Found a sacrificial altar of Ru.
  4477 | D:4      | Reached skill level 10 in Bows
  4509 | D:4      | Gained mutation: Your spells are a little easier to cast, but a little less powerful. [potion of mutation]
  4509 | D:4      | Gained mutation: You are agile. (Dex +2) [potion of mutation]
  4509 | D:4      | Gained mutation: You are robust (+10% HP). [potion of mutation]
  4627 | D:4      | Reached * piety under Okawaru
  4792 | D:4      | Found Ittittet's Distillery.
  4801 | D:4      | Bought a potion of curing for 30 gold pieces
  4801 | D:4      | Bought a potion of curing for 30 gold pieces
  4801 | D:4      | Bought a potion of heal wounds for 50 gold pieces
  5553 | D:4      | Found a basalt altar of Yredelemnul.
  5667 | D:5      | Entered Level 5 of the Dungeon
  5819 | D:5      | Noticed a water moccasin
  5841 | D:5      | Killed a water moccasin
  5841 | D:5      | Reached skill level 11 in Bows
  5841 | D:5      | Reached XP level 7. HP: 30/49 MP: 2/8
  6185 | D:5      | Noticed Pikel
  6566 | D:5      | HP: 2/49 [Pikel/whip of flaming (3)]
  6567 | D:5      | Slain by Pikel

Skill      XL: |  1  2  3  4  5  6 |
---------------+-------------------+-----
Bows           | 6 7 8 9 11 | 11.4
Fighting       | |  2.0
Dodging        | |  2.1
Stealth        | |  1.1

Action                   |  1- 3 |  4- 6 |  7- 9 || total
-------------------------+-------+-------+-------++-------
Melee: Short sword       |   143 |   169 |    62 ||   374
 Fire: Shortbow          |    18 |   100 |     9 ||   127
Invok: Heroism           |       |       |     1 ||     1
  Use: Potion            |     6 |     6 |     2 ||    14
       Scroll            |     3 |     5 |     1 ||     9
 Stab: Sleeping          |     7 |     3 |       ||    10
  Eat: Bread ration      |     1 |     3 |       ||     4
Armor: Leather armour    |    47 |    56 |    11 ||   114
Dodge: Dodged            |   109 |   133 |    30 ||   272
